 Dungeon Crawl Stone Soup version 0.28.0-47-ge53b351184 (webtiles) character file.

Game seed: 10673403682069686726

14 issech the Skirmisher (level 2, -2/29 HPs)
             Began as a Troll Fighter on Apr 27, 2022.
             Slain by a goblin
             ... wielding a +1 dagger of venom
              (3 damage)
             ... on level 1 of the Dungeon.
             The game lasted 00:00:41 (193 turns).

issech the Skirmisher (Troll Fighter)                Turns: 193, Time: 00:00:42

Health: -2/29      AC:  4    Str: 23    XL:     2   Next: 27%
Magic:  1/1        EV:  8    Int:  4    God:
Gold:   11         SH:  7    Dex:  9    Spells: 1/1 levels left

rFire   . . .      SeeInvis .   a - +0 flail
rCold   . . .      Faith    .   c - +0 kite shield
rNeg    . . .      Spirit   .   b - +0 robe
rPois   .          Reflect  .   (helmet restricted)
rElec   .          Harm     .   (no cloak)
rCorr   .          Rampage  .   (gloves unavailable)
Will    .....                   (boots unavailable)
Stlth   +.........              (no amulet)
HPRegen 0.89/turn               (no ring)
MPRegen 0.07/turn               (no ring)

@: lethally poisoned (-2 -> -18)
A: large, unfitting armour, claws 3, regeneration 1, shaggy fur 1, tough skin 1
a: no special abilities


You were on level 1 of the Dungeon.
You visited 1 branch of the dungeon, and saw 1 of its levels.

You collected 11 gold pieces.

Inventory:

Hand Weapons
 a - a +0 flail (weapon)
Armour
 b - a +0 robe (worn)
 c - a +0 kite shield (worn)
Scrolls
 e - 4 scrolls of magic mapping {unknown}
Potions
 d - a potion of might


   Skills:
 + Level 2.6 Fighting
 + Level 2.0 Maces & Flails
 + Level 2.6 Dodging
 + Level 2.6 Shields


You had one spell level left.
You didn't know any spells.
Your spell library was empty.

Dungeon Overview and Level Annotations

Branches:
Dungeon (1/15)

Altars:


Innate Abilities, Weirdness & Mutations

You are too large for most types of armour.
You have claws for hands.
Your natural rate of healing is unusually fast.
You are covered in fur. (AC +1)
You have tough skin. (AC +1)


Message History

Your Maces & Flails skill increases to level 2!
The goblin hits you but does no damage.
You see here a hobgoblin corpse.
The giant cockroach closely misses you. You block the goblin's attack.
The giant cockroach barely misses you.
You closely miss the giant cockroach. The goblin completely misses you.
The giant cockroach bites you but does no damage.
You sock the giant cockroach!
You kill the giant cockroach!
The goblin hits you but does no damage.
You are poisoned.
You block the goblin's attack.
You feel sick.
You see here a giant cockroach corpse.
You feel sick.
You barely miss the goblin.
You feel sick. The goblin closely misses you.
You barely miss the goblin.
You feel sick. You block the goblin's attack.
A quokka comes into view.
The goblin closely misses you.
You closely miss the goblin.
You feel sick.
You are no longer poisoned.
The goblin hits you with a +1 dagger of venom.
You closely miss the goblin. The goblin hits you but does no damage.
You are poisoned.
You closely miss the goblin.
You feel very sick. The goblin hits you but does no damage.
You are more poisoned.
The goblin hits you with a +1 dagger of venom.
You are more poisoned.
You closely miss the goblin.
You feel extremely sick.
The goblin hits you with a +1 dagger of venom.
You are more poisoned.
The quokka bites you.
You closely miss the goblin.
* * * LOW HITPOINT WARNING * * *
You feel extremely sick.
The goblin hits you with a +1 dagger of venom.
You die...

.... ... .. ... ...
.. .... ##.##....
####..#....
###...r#..# .
####.....@..# ##.
.....###.g.######
#..
.......##........##
#.#
.........†######...
#.#
##########.......#
#..##.#
##....#...###..##.#
#.#..#
#...........##..#.##
#....###
...#..<..#...##....#
###.....
##...###...##.>.#
#..####


You could see a quokka and a goblin.

Vanquished Creatures
  2 endoplasms (D:1)
  2 giant cockroaches (D:1)
  A goblin (D:1)
  2 hobgoblins (D:1)
  A kobold (D:1)
  A bat (D:1)
  2 frilled lizards (D:1)
  A rat (D:1)
12 creatures vanquished.

Notes
Turn   | Place    | Note
-------+----------+-------------------------------------------
     0 | D:1      | issech the Troll Fighter began the quest for the Orb.
     0 | D:1      | Reached XP level 1. HP: 22/22 MP: 0/0
    99 | D:1      | Reached XP level 2. HP: 29/29 MP: 1/1
   193 | D:1      | HP: 1/29 [poisoned by a goblin]
   193 | D:1      | Slain by a goblin

Illustrated notes

Levels and vault maps discovered:
D:1:      dpeg_chamrin_arrival_tetris, layout_rooms,
          hellmonk_ecumenical_altar_zigzags, chequers_jeans,
          minmay_misc_feat_cross

Skill      XL: |  1  2 |
---------------+-------+-----
Maces & Flails | 2 |  2.0
Fighting       | |  2.6
Dodging        | |  2.6
Shields        | |  2.6

Action                   || total
-------------------------++-------
Melee: Flail             ||    33
Armor: Robe              ||    13
Dodge: Dodged            ||    13
Block: Kite shield       ||    11
